 Dungeon Crawl Stone Soup version 0.19.1 (webtiles) character file.

415 dvd the Stinger (level 6, -22/38 HPs)
             Began as an Octopode Venom Mage on Nov 24, 2016.
             Was an Initiate of Vehumet.
             Killed from afar by theElss's ghost (28 damage)
             ... with an orb of energy
             ... on level 4 of the Dungeon.
             The game lasted 00:11:19 (3414 turns).

dvd the Stinger (Octopode Venom Mage)               Turns: 3414, Time: 00:11:19

Health: -22/38     AC:  1    Str:  7    XL:     6   Next: 91%
Magic:  11/11      EV: 13    Int: 20    God:    Vehumet [......]
Gold:   143        SH:  0    Dex: 12    Spells: 2 memorised, 6 levels left

rFire  . . .     SeeInvis .     e - +2 dagger (venom)
rCold  . . .     Gourm    .     (no shield)
rNeg   . . .     Faith    .     (helmet restricted)
rPois  +         Spirit   .     (no amulet)
rElec  .         Reflect  .     h - ring of poison resistance
rCorr  .         Harm     .     (no ring)
MR     .....                    (no ring)
Stlth  ++++......               (no ring)
                                (no ring)
                                (no ring)
                                (no ring)
                                (no ring)

@: no status effects
A: almost no armour, stealthy swim, amphibious, 8 rings, constrict 8, camouflage
1, gelatinous body 1
a: Renounce Religion


You were on level 4 of the Dungeon.
You worshipped Vehumet.
Vehumet was noncommittal.
You were not hungry.

You visited 1 branch of the dungeon, and saw 4 of its levels.

You collected 143 gold pieces.

Inventory:

Hand Weapons
 e - a +2 dagger of venom (weapon)
 g - a +0 broad axe
Armour
 f - a +1 shield
Jewellery
 h - a ring of poison resistance (left tentacle)
 n - an uncursed ring of ice
Wands
 p - a wand of slowing (15/48)
Scrolls
 c - 4 scrolls of identify
 k - 3 scrolls of amnesia
 l - a scroll of recharging
Potions
 i - a potion of brilliance
 j - 2 potions of curing
Books
 a - a Young Poisoner's Handbook

   Spells                             Type                      Level
   a - Sting                          Conjuration/Poison           1
   b - Mephitic Cloud                 Conjuration/Poison/Air       3
   c - Olgreb's Toxic Radiance        Poison                       4
   d - Alistair's Intoxication        Transmutation/Poison         5
   e - Venom Bolt                     Conjuration/Poison           5
 o - a book of Changes

   Spells                             Type                      Level
   a - Beastly Appendage              Transmutation                1
   b - Sticks to Snakes               Transmutation                2
   c - Spider Form                    Transmutation/Poison         3
   d - Ice Form                       Ice/Transmutation            4
   e - Blade Hands                    Transmutation                5
Comestibles
 b - 3 bread rations
 d - 3 meat rations
 m - 2 chunks of flesh


   Skills:
 + Level 1.5 Fighting
 + Level 1.5 Short Blades
 + Level 2.5 Dodging
 + Level 5.4 Stealth
 + Level 0.4 Shields
 + Level 3.4 Spellcasting
 + Level 1.7 Conjurations
 + Level 6.2 Poison Magic


You had 6 spell levels left.
You knew the following spells:

 Your Spells              Type           Power        Failure   Level  Hunger
a - Sting                 Conj/Pois      ###.         2%          1    None
b - Olgreb's Toxic Radia  Pois           ####....     12%         4    ####...


Dungeon Overview and Level Annotations

Branches:
Dungeon (4/15)
 Temple: D:4-7

Altars:
Makhleb
Ru
Vehumet

Annotations:
D:4 theElss's ghost, amateur HECj


Innate Abilities, Weirdness & Mutations

You cannot wear most types of armour.
You are very stealthy in the water. (Stealth+)
You are amphibious.
You can wear up to eight rings at the same time.
You can use your tentacles to constrict eight enemies at once.
Your skin changes colour to match your surroundings (Stealth+).
Your rubbery body absorbs attacks. (AC +1, EV +1)


Message History

Unknown command.
A worker ant and a player ghost come into view.
You closely miss theElss's ghost.
TheElss's ghost turns its malevolent gaze towards you.
The worker ant twitches its antennae in your direction.
TheElss's ghost points at you and mumbles some strange words.
The magic dart hits you!
Unknown command.
TheElss's ghost casts a spell at you. The orb of energy hits you!
The orb of energy explodes!
TheElss's ghost points at you and mumbles some strange words.
The magic dart hits you!
TheElss's ghost points at you and mumbles some strange words.
The magic dart hits you!
* * * LOW HITPOINT WARNING * * *
There is a stone staircase leading down here.
TheElss's ghost gestures at you while chanting.
The orb of energy hits you!
Ouch! That really hurt!
You die...

.# #.#.# ## .# #.#.# .#
#.#.# .# #...# ##
.###############.# #.
.................# #.
#############....# ######.
#.##.# #...... #.##@#
#.##### #.##.# #.# #.##.#
#.# #.##.# #.# #.##W# #.#
#.##a# ########"#####
######.##.###.............
#...aW......#.#......####.
#.####.#..#.#.#.###### #.


You could see a worker ant and theElss's ghost.

Vanquished Creatures
  A howler monkey (D:4)
  A crimson imp (D:3)
  3 iron imps (D:3)
  An iguana (D:4)
  Natasha (thrice) (D:4)
  2 worker ants (D:4)
  2 adders (D:3)
  An ooze (D:2)
  A worm (D:2)
  3 dart slugs
  3 leopard geckos
  9 giant cockroaches
  7 goblins
  7 hobgoblins
  5 jackals (D:3)
  9 kobolds
  A ball python (D:1)
  10 bats
  4 frilled lizards
  5 rats
78 creatures vanquished.

Notes
Turn   | Place    | Note
-------+----------+-------------------------------------------
     0 | D:1      | dvd the Octopode Venom Mage began the quest for the Orb.
     0 | D:1      | Reached XP level 1. HP: 11/11 MP: 3/3
    68 | D:1      | Reached skill level 5 in Poison Magic
   168 | D:1      | Reached XP level 2. HP: 17/17 MP: 1/5
   605 | D:1      | Reached XP level 3. HP: 21/21 MP: 1/6
   834 | D:1      | Reached skill level 1 in Conjurations
  1462 | D:2      | Reached XP level 4. HP: 24/27 MP: 4/7
  1506 | D:2      | Learned a level 4 spell: Olgreb's Toxic Radiance
  1722 | D:2      | Found a sacrificial altar of Ru.
  1730 | D:2      | Became a worshipper of Ru the Awakened
  1926 | D:3      | Found a radiant altar of Vehumet.
  1932 | D:3      | Fell from the grace of Ru
  1932 | D:3      | Became a worshipper of Vehumet
  2359 | D:3      | Found a burning altar of Makhleb.
  2374 | D:3      | Reached XP level 5. HP: 20/32 MP: 7/9
  2384 | D:3      | Reached skill level 1 in Fighting
  2683 | D:3      | Reached skill level 1 in Short Blades
  2827 | D:3      | Reached skill level 6 in Poison Magic
  2827 | D:3      | Reached XP level 6. HP: 38/38 MP: 10/10
  2930 | D:4      | Noticed Natasha
  2933 | D:4      | Killed Natasha
  3002 | D:4      | Reached skill level 5 in Stealth
  3062 | D:4      | Noticed Natasha
  3065 | D:4      | Killed Natasha
  3084 | D:4      | Noticed Natasha
  3089 | D:4      | Killed Natasha
  3399 | D:4      | Noticed theElss's ghost (amateur HECj)
  3414 | D:4      | Killed from afar by theElss's ghost

Skill      XL: |  1  2  3  4  5  6 |
---------------+-------------------+-----
Poison Magic   | 5 6 |  6.2
Conjurations   | 1 |  1.7
Stealth        | 3 4 5 |  5.4
Fighting       | 1 |  1.5
Short Blades   | 1 |  1.5
Spellcasting   | 3 |  3.4
Dodging        | |  2.5
Shields        | |  0.4

Action                   |  1- 3 |  4- 6 || total
-------------------------+-------+-------++-------
Melee: Unarmed           |     1 |       ||     1
       Dagger            |    47 |    81 ||   128
       Constrict         |    12 |    18 ||    30
       Tentacles         |     4 |    13 ||    17
 Cast: Sting             |    34 |    22 ||    56
       Olgreb's Toxic Ra |       |     7 ||     7
  Use: Scroll            |     4 |     7 ||    11
       Potion            |       |     5 ||     5
 Stab: Sleeping          |     3 |     6 ||     9
  Eat: Chunk             |     2 |     8 ||    10
Armor: Skin              |     7 |     4 ||    11
Dodge: Dodged            |    21 |    42 ||    63
Block: Shield            |    19 |       ||    19
